 Dungeon Crawl Stone Soup version 0.21.1-1-g345015f (webtiles) character file.

1773 sking99 the Grappler (level 8, -4/83 HPs)
             Began as a Troll Monk on July 1, 2018.
             Slain by Menkaure (16 damage)
             ... on level 7 of the Dungeon.
             The game lasted 00:14:30 (5672 turns).

sking99 the Grappler (Troll Monk)                   Turns: 5672, Time: 00:14:31

Health: -4/83      AC:  4    Str: 21      XL:     8   Next: 80%
Magic:  7/7        EV: 10    Int:  6      God:
Gold:   375        SH:  0    Dex: 12 (13) Spells: 6/7 levels left

rFire    . . .     SeeInvis .     - Unarmed
rCold    . . .     Gourm    +   (no shield)
rNeg     . . .     Faith    .   f - -1 robe (curse)
rPois    .         Spirit   .   (helmet restricted)
rElec    .         Reflect  .   (no cloak)
rCorr    .         Harm     .   (gloves unavailable)
MR       .....                  (boots unavailable)
Stlth    +.........             (no amulet)
HPRegen  0.63/turn              (no ring)
MPRegen  0.10/turn              (no ring)

@: confused
A: large, unfitting armour, claws 3, fast metabolism 3, gourmand, regeneration
1, shaggy fur 1, tough skin 2
a: no special abilities


You were on level 7 of the Dungeon.
You were completely stuffed.

You visited 1 branch of the dungeon, and saw 7 of its levels.

You collected 375 gold pieces.

Inventory:

Armour
 a - a +2 robe
 f - a cursed -1 robe (worn)
Jewellery
 k - a +4 ring of protection {unknown}
 s - an uncursed amulet of regeneration {unknown}
 x - an uncursed ring of wizardry {unknown}
Wands
 o - a wand of random effects (24)
Scrolls
 e - 3 scrolls of blinking
 g - 11 scrolls of teleportation
 h - a scroll of magic mapping
 j - 6 scrolls of fear
 l - 3 scrolls of identify
 n - 2 scrolls of enchant armour
 p - 2 scrolls of amnesia
 t - a scroll of enchant weapon
 z - 2 scrolls of remove curse
 C - a scroll of immolation {unknown}
Potions
 c - a potion of lignification {unknown}
 d - 2 potions of haste
 i - 2 potions of curing
 q - 3 potions of mutation {unknown}
 r - 3 potions of might
 v - 2 potions of agility {unknown}
 B - 2 potions of heal wounds {unknown}
Books
 u - a book of Maledictions

   Spells                             Type                      Level
   a - Corona                         Hexes                        1
   b - Ensorcelled Hibernation        Hexes/Ice                    2
   c - Confuse                        Hexes                        3
   d - Tukima's Dance                 Hexes                        3
   e - Dazzling Spray                 Conjuration/Hexes            3
 w - a book of Cantrips

   Spells                             Type                      Level
   a - Confusing Touch                Hexes                        1
   b - Animate Skeleton               Necromancy                   1
   c - Summon Small Mammal            Summoning                    1
   d - Apportation                    Translocation                1
 y - a book of Changes

   Spells                             Type                      Level
   a - Beastly Appendage              Transmutation                1
   b - Sticks to Snakes               Transmutation                2
   c - Spider Form                    Transmutation/Poison         3
   d - Ice Form                       Ice/Transmutation            4
   e - Blade Hands                    Transmutation                5
Comestibles
 b - 15 rations


   Skills:
 + Level 6.0 Fighting
 - Level 2.4 Dodging
 - Level 1.0 Stealth
 * Level 9.8 Unarmed Combat


You had 6 spell levels left.
You knew the following spells:

 Your Spells              Type           Power        Failure   Level  Hunger
a - Apportation           Tloc           #.....       45%         1    ##.....


Dungeon Overview and Level Annotations

Branches:
Dungeon (7/15)
 Temple: D:4-7

Altars:
Ashenzari
Cheibriados
Dithmenos
Gozag
Nemelex Xobeh
Qazlal
Sif Muna
Trog
Uskayaw
Wu Jian
Xom
Yredelemnul

Annotations:
D:7 Menkaure


Innate Abilities, Weirdness & Mutations

You are too large for most types of armour.
You have claws for hands.
Your metabolism is lightning-fast.
You like to eat raw meat.
Your natural rate of healing is unusually fast.
You are covered in fur. (AC +1)
You have very tough skin. (AC +2)


Message History

You scratch Menkaure.
Menkaure is heavily damaged.
Menkaure calls on the powers of darkness!
Your body is wracked with pain!
* * * LOW HITPOINT WARNING * * *
You are confused.
You feel invigorated.
Menkaure draws the symbol "Udjat" in the dust.
Menkaure closely misses you.
An iguana comes into view.
Menkaure calls on the powers of darkness!
Your body is wracked with pain!
* * * LOW HITPOINT WARNING * * *
The iguana convulses!
You bump into the rock wall.
Menkaure gestures at you while chanting.
Pain shoots through your body!
* * * LOW HITPOINT WARNING * * *
Menkaure hits you!
You die...

#..#......# #.# #.#
##.#.###### #.# #^# #.#.#
### #.# #.#.# #.# #.#.#
+## #.# #.#.#
#####..####.# ##.#.#
#............
#...)########.####.#.....
................@MZ......
#...#########.####l......
##.##########.# .#.....
#.#..........# .# ....
##............. .# #..
...#.########## ## #
####.# #.# #.#


You could see Menkaure, an iguana and a quokka skeleton.

Vanquished Creatures
  A sky beast (D:5)
  3 ogres
  A centaur (D:6)
  2 bullfrogs (D:6)
  A water moccasin zombie (D:6)
  2 scorpions
  A howler monkey (D:4)
  A centaur zombie (D:5)
  4 crimson imps
  A quasit (D:6)
  2 centaur skeletons
  2 jellies
  2 orc priests
  3 hounds
  A bullfrog skeleton (D:5)
  Natasha (thrice) (D:2)
  3 iguanas (D:5)
  3 worker ants
  Terence (D:2)
  A hound skeleton (D:4)
  3 worker ant zombies
  4 gnolls (D:5)
  6 adders
  3 shadow imps
  3 oozes
  An adder skeleton (D:3)
  2 worms
  2 dart slugs (D:3)
  5 leopard geckos
  10 orcs
  6 giant cockroaches
  11 goblins
  7 hobgoblins
  8 kobolds
  2 quokkas (D:6)
  4 ball pythons
  9 bats
  5 frilled lizards
  A leopard gecko zombie (D:5)
  A quokka skeleton (D:6)
  7 rats
  A spectral orc (D:3)
139 creatures vanquished.

Notes
Turn   | Place    | Note
-------+----------+-------------------------------------------
     0 | D:1      | sking99 the Troll Monk began the quest for the Orb.
     0 | D:1      | Reached XP level 1. HP: 22/22 MP: 0/0
   263 | D:1      | Reached XP level 2. HP: 29/29 MP: 1/1
   793 | D:2      | Reached XP level 3. HP: 30/36 MP: 2/2
   864 | D:2      | Noticed Natasha
   875 | D:2      | Killed Natasha
   875 | D:2      | Reached skill level 4 in Unarmed Combat
  1037 | D:2      | Reached XP level 4. HP: 43/45 MP: 3/3
  1095 | D:2      | Noticed Natasha
  1110 | D:2      | Noticed Terence
  1110 | D:2      | Killed Natasha
  1116 | D:2      | Killed Terence
  1381 | D:2      | Noticed Natasha
  1389 | D:2      | Killed Natasha
  1389 | D:2      | Reached skill level 5 in Unarmed Combat
  1389 | D:2      | Reached XP level 5. HP: 43/53 MP: 4/4
  1869 | D:3      | Found a basalt altar of Yredelemnul.
  1950 | D:3      | Found a bloodstained altar of Trog.
  2107 | D:3      | Found a sparkling altar of Nemelex Xobeh.
  2168 | D:3      | Found a deep blue altar of Sif Muna.
  2626 | D:3      | Found an ornate altar of the Wu Jian Council.
  2895 | D:4      | Found a hide-covered altar of Uskayaw.
  2981 | D:4      | Reached XP level 6. HP: 62/62 MP: 5/5
  3009 | D:4      | Reached skill level 6 in Unarmed Combat
  3048 | D:4      | Found a shadowy altar of Dithmenos.
  3271 | D:4      | Found a shimmering altar of Xom.
  3299 | D:4      | Found a shattered altar of Ashenzari.
  3600 | D:4      | Learned a level 1 spell: Apportation
  3631 | D:5      | Entered Level 5 of the Dungeon
  3721 | D:5      | Found a snail-covered altar of Cheibriados.
  3828 | D:5      | Reached XP level 7. HP: 67/70 MP: 6/6
  3890 | D:5      | Reached skill level 7 in Unarmed Combat
  3914 | D:5      | Found a stormy altar of Qazlal.
  4019 | D:5      | Found an opulent altar of Gozag.
  4326 | D:5      | Reached skill level 8 in Unarmed Combat
  4358 | D:5      | Reached skill level 5 in Fighting
  4536 | D:5      | Reached XP level 8. HP: 78/80 MP: 7/7
  4933 | D:6      | Reached skill level 9 in Unarmed Combat
  5657 | D:7      | Noticed Menkaure
  5672 | D:7      | Slain by Menkaure

Skill      XL: |  1  2  3  4  5  6  7  8 |
---------------+-------------------------+-----
Fighting       | 3 4 5 6 |  6.0
Unarmed Combat | 4 5 6 8 9 |  9.8
Dodging        | |  2.4
Stealth        | |  1.0

Action                   |  1- 3 |  4- 6 |  7- 9 || total
-------------------------+-------+-------+-------++-------
Melee: Unarmed           |    84 |   182 |   157 ||   423
       Punch             |     3 |     1 |     8 ||    12
  Use: Scroll            |       |    13 |       ||    13
       Potion            |       |       |     1 ||     1
 Stab: Sleeping          |     1 |     4 |     2 ||     7
  Eat: Chunk             |    15 |    26 |    17 ||    58
Armor: Robe              |    25 |    46 |    30 ||   101
Dodge: Dodged            |    25 |    77 |    61 ||   163
